 Dungeon Crawl Stone Soup version 0.20-a0-444-g3734ce0 (webtiles) character file.

1535 zoomzoom the Thaumaturge (level 8, -12/52 HPs)
             Began as a Cyno Wizard on Jan 30, 2017.
             Killed by divine providence
             ... invoked by an orc priest
              (15 damage)
             ... on level 6 of the Dungeon.
             The game lasted 00:16:59 (7449 turns).

zoomzoom the Thaumaturge (Cyno Wizard)              Turns: 7449, Time: 00:17:00

Health: -12/52     AC:  3    Str:  4    XL:     8   Next: 55%
Magic:  19/20      EV: 12    Int: 18    God:
Gold:   167        SH:  0    Dex:  8    Spells: 10/23 levels left

rFire  + . .     SeeInvis .     t - +1 dagger (freeze)
rCold  . . .     Gourm    .     a - +0 robe
rNeg   . . .     Faith    .     (no shield)
rPois  .         Spirit   .     b - +0 hat
rElec  .         Reflect  .     (no cloak)
rCorr  .         Harm     .     n - +0 pair of gloves
MR     .....                    (no boots)
Stlth  ++........               (no amulet)
                                (no ring)
                                i - ring of protection from fire

@: no status effects
A: limited potential
a: no special abilities


You were on level 6 of the Dungeon.
You were not hungry.

You visited 1 branch of the dungeon, and saw 6 of its levels.
You also visited: Sewer.

You collected 167 gold pieces.

Inventory:

Hand Weapons
 t - a +1 dagger of freezing (weapon)
Armour
 a - a +0 robe (worn)
 b - a +0 hat (worn)
 n - a +0 pair of gloves (worn)
Jewellery
 i - a ring of protection from fire (left hand)
Wands
 c - a wand of flame (22/48)
 e - a wand of iceblast (4/15)
 l - a wand of disintegration (13/24)
 q - a wand of disintegration (11/24)
Scrolls
 h - 2 scrolls of remove curse
 m - 3 scrolls of identify
 o - a scroll of blinking
 r - a scroll of noise
 s - a scroll of amnesia
Potions
 k - 2 potions of flight
 u - 2 potions of curing
Comestibles
 d - 5 bread rations
 f - a slice of pizza
 g - a fruit
 j - 2 royal jellies
 p - 2 beef jerkies


   Skills:
 - Level 2.4 Dodging
 - Level 2.1 Stealth
 + Level 8.4 Spellcasting
 - Level 6.2 Conjurations
 + Level 4.2 Hexes
 + Level 4.1 Summonings
 - Level 1.2 Translocations
 + Level 4.0 Fire Magic
 + Level 3.7 Air Magic


You had 10 spell levels left.
You knew the following spells:

 Your Spells              Type           Power        Failure   Level  Hunger
a - Magic Dart            Conj           ####         1%          1    None
b - Call Imp              Summ           ###.....     2%          2    None
c - Blink                 Tloc           N/A          12%         2    None
d - Mephitic Cloud        Conj/Pois/Air  ###.....     10%         3    None
e - Conjure Flame         Conj/Fire      ####....     3%          3    None
f - Slow                  Hex            ###.....     2%          2    None


Dungeon Overview and Level Annotations

Branches:
Dungeon (6/15)             Temple (0/1) D:4

Altars:
Ashenzari
Qazlal
Uskayaw


Message History

Aim: an orc warrior, wielding a scimitar and wearing a chain mail (heavily wounded)
The mass of ice explodes!
The iceblast engulfs the orc warrior.
The orc warrior is almost dead.
The orc priest shouts!
This wand has 5 charges left.
The orc priest mumbles some strange prayers to Beogh against you.
Beogh smites you!
* * * LOW HITPOINT WARNING * * *
The orc warrior throws a stone.
The stone hits you!
* * * LOW HITPOINT WARNING * * *
Evoke which item? (* to show all) (? for menu, Esc to quit)
Aiming: Iceblast
Press: ? - help, Shift-Dir - straight line, f/p - orc warrior
Aim: an orc warrior, wielding a scimitar and wearing a chain mail (almost dead)
The mass of ice explodes!
The iceblast engulfs the orc warrior.
The orc warrior is almost dead.
This wand has 4 charges left.
The orc priest mumbles some strange prayers to Beogh against you.
Beogh smites you!
You die... # ### #### . ..# .. .ooo

. #.# .### #.#.#
##...#### ##
#.#.#####...........
#####.#.....[.....##
###
o........#.).[.......
#.............####
#$..@.#.##.#.##
..o.....##.###.##
####...###.# ## ##.#
#.# ### #. #.# #.. ..
#(# #.# ## #.# #.#
###(### #.# #.....#


You could see an orc warrior and an orc priest.

Vanquished Creatures
  Menkaure (D:5)
  2 ogres
  2 sky beasts
  2 centaurs (D:5)
  A big kobold (Sewer)
  2 bullfrogs
  A bullfrog zombie (D:5)
  A bullfrog skeleton (D:5)
  A hound (D:5)
  An orc priest (D:6)
  A jelly (D:3)
  An orc wizard (D:6)
  2 iguanas (D:5)
  2 worker ants
  8 adders
  A howler monkey skeleton (D:4)
  A river rat (Sewer)
  A shadow imp (D:5)
  An ooze (D:3)
  3 adder skeletons (D:4)
  4 worms
  2 dart slugs (D:1)
  4 leopard geckos
  7 orcs
  9 giant cockroaches
  8 goblins
  7 hobgoblins
  14 jackals
  2 quokkas
  3 ball pythons
  12 bats
  5 frilled lizards
  8 kobolds
  7 rats
127 creatures vanquished.

Vanquished Creatures (collateral kills)
  Eustachio (D:5)
  Edmund (D:5)
  Blork the orc (D:5)
  A jelly (D:5)
  An iguana (D:5)
  A worker ant (D:5)
  An adder (D:5)
  A river rat (D:6)
  An orc (D:5)
  A jackal (D:5)
  A rat (D:6)
11 creatures vanquished.

Grand Total: 138 creatures vanquished

Notes
Turn   | Place    | Note
-------+----------+-------------------------------------------
     0 | D:1      | zoomzoom the Cyno Wizard began the quest for the Orb.
     0 | D:1      | Reached XP level 1. HP: 13/13 MP: 5/5
   182 | D:1      | Reached XP level 2. HP: 7/19 MP: 0/7
   354 | D:1      | Learned a level 2 spell: Call Imp
   357 | D:1      | Learned a level 2 spell: Blink
  1147 | D:2      | Reached XP level 3. HP: 24/24 MP: 7/9
  1395 | D:2      | Learned a level 3 spell: Mephitic Cloud
  1399 | D:2      | Learned a level 3 spell: Conjure Flame
  1819 | D:2      | Reached skill level 5 in Spellcasting
  2137 | D:3      | Reached XP level 4. HP: 30/30 MP: 9/11
  2201 | D:3      | Found a stormy altar of Qazlal.
  2364 | D:3      | Noticed a bullfrog
  2372 | D:3      | Killed a bullfrog
  2372 | D:3      | Reached XP level 5. HP: 34/35 MP: 2/13
  2762 | D:3      | Reached skill level 6 in Spellcasting
  2818 | D:3      | Found a hide-covered altar of Uskayaw.
  3090 | D:3      | Noticed a sky beast
  3104 | D:3      | Killed a sky beast
  3104 | D:3      | Reached skill level 5 in Conjurations
  3104 | D:3      | Reached XP level 6. HP: 34/41 MP: 0/15
  3176 | D:3      | Learned a level 2 spell: Slow
  3329 | D:4      | Found a staircase to the Ecumenical Temple.
  3659 | D:4      | Reached skill level 7 in Spellcasting
  4223 | D:5      | Entered Level 5 of the Dungeon
  4295 | D:5      | Noticed Edmund
  4361 | D:5      | Noticed Blork the orc
  4517 | D:5      | Reached XP level 7. HP: 16/46 MP: 3/17
  4546 | D:5      | Reached skill level 1 in Hexes
  4629 | D:5      | Noticed Menkaure
  4650 | D:5      | Killed Menkaure
  4650 | D:5      | Reached skill level 1 in Fire Magic
  4650 | D:5      | Reached skill level 1 in Air Magic
  4727 | D:5      | Noticed Eustachio
  4889 | D:5      | Killed Eustachio
  5092 | D:5      | Killed Blork the orc
  5098 | D:5      | HP: 2/46 [adder (3)]
  5209 | D:5      | Killed Edmund
  5704 | D:5      | Reached XP level 8. HP: 23/52 MP: 3/19
  6050 | D:5      | Reached skill level 8 in Spellcasting
  6101 | D:5      | Found a shattered altar of Ashenzari.
  6549 | D:6      | Found a glowing drain.
  6557 | Sewer    | Entered a sewer
  7017 | Sewer    | Found a white marble altar of Elyvilon.
  7449 | D:6      | Killed from afar by an orc priest

Vault maps used:
D:1:      minmay_arrival_up_and_down
D:3:      overflow_temple_1_default, grunt_qazlal_clouds, grunt_ministairs_5
D:5:      evilmike_ruin_ashenzari, first_bread, minmay_misc_feat_roman,
          uniq_eustachio, uniq_menkaure, uniq_edmund, uniq_blork_the_orc
D:6:      portal_sewer_entry_e, nicolae_ossuary_entry_plus
Sewer:    sewer_kobolds

Skill      XL: |  1  2  3  4  5  6  7  8 |
---------------+-------------------------+-----
Conjurations   | 2 3 4 5 6 |  6.2
Spellcasting   | 5 6 7 8 |  8.4
Hexes          | 3 4 |  4.2
Summonings     | 3 4 |  4.1
Fire Magic     | 2 4 |  4.0
Air Magic      | 2 3 |  3.7
Dodging        | |  2.4
Stealth        | |  2.1
Translocations | |  1.2

Action                   |  1- 3 |  4- 6 |  7- 9 || total
-------------------------+-------+-------+-------++-------
Melee: Unarmed           |    36 |       |     1 ||    37
       Dagger            |       |       |    70 ||    70
 Cast: Magic Dart        |   120 |   137 |   129 ||   386
       Mephitic Cloud    |       |     6 |    11 ||    17
       Call Imp          |       |       |    28 ||    28
       Slow              |       |       |     2 ||     2
Evoke: Wand              |       |       |     9 ||     9
  Use: Scroll            |       |     2 |     6 ||     8
       Potion            |       |       |     4 ||     4
  Eat: Fruit             |     1 |     1 |     1 ||     3
       Chunk             |     3 |     6 |     4 ||    13
       Meat ration       |       |       |     1 ||     1
Armor: Robe              |    15 |     4 |    36 ||    55
Dodge: Dodged            |    35 |    29 |   131 ||   195
